 Dungeon Crawl Stone Soup version 0.30-a0-672-gc3a7216ad8 (webtiles) character file.

Game seed: 3281884879264581541

202195 wormed the Geomancer (level 17, -2/128 HPs)
             Began as a Demonspawn Summoner on Jan 19, 2023.
             Was the Champion of Vehumet.
             Hit by a silver boomerang thrown by something (10 damage)
             ... on level 4 of the Swamp.
             The game lasted 02:10:13 (51311 turns).

wormed the Geomancer (Demonspawn Summoner)         Turns: 51311, Time: 02:10:13

Health: -2/128     AC: 16    Str:  5 (10) XL:     17   Next: 93%
Magic:  8/31       EV: 16    Int: 24      God:    Vehumet [******]
Gold:   3815       SH:  0    Dex: 13      Spells: 7/36 levels left

rFire   + + .      SeeInvis .    D - +3 Elemental Staff {rElec rF++ rC++ AC+5}
rCold   + + .      Faith    .    (no shield)
rNeg    . . .      Spirit   .    k - +2 robe {Will+}
rPois   +          Reflect  .    s - +1 helmet
rElec   +          Harm     .    (cloak unavailable)
rCorr   .          Rampage  .    C - +1 pair of gloves {infuse}
Will    ++...                    (no boots)
Stlth   ++                       (no amulet)
HPRegen 0.41/turn                Y - ring of flight
MPRegen 0.22/turn                p - ring of poison resistance

@: death channelling, flying
A: slimy green scales 2, ignite blood 2, demonic magic 3, weakness stinger 3
}: 1/15 runes: gossamer
a: Renounce Religion


You were on level 4 of the Swamp.
You worshipped Vehumet.
Vehumet was exalted by your worship.
You visited 6 branches of the dungeon, and saw 31 of its levels.
You also visited: Bailey.

You collected 3815 gold pieces.

Inventory:

Hand Weapons
 D - the +3 Elemental Staff (weapon) {rElec rF++ rC++ AC+5}
   (You acquired it on level 2 of the Lair of Beasts)

   It enhances your fire, ice, earth and air magic.
   AC:        It affects your AC (+5).
   rF:        It greatly protects you from fire.
   rC:        It greatly protects you from cold.
   rElec:     It insulates you from electricity.
Missiles
 g - 51 poisoned darts
 l - 10 atropa-tipped darts
 t - 9 curare-tipped darts
 V - 3 throwing nets (quivered)
Armour
 k - a +2 robe of willpower (worn)
 s - a +1 helmet (worn)
 C - a +1 pair of gloves of infusion (worn)
Jewellery
 b - a ring of protection from cold
 p - a ring of poison resistance (right hand)
 F - the ring "Okutorij" {+Blink rC+ Will+ Stlth+}
   (You took it off an orc wizard on level 8 of the Dungeon)

   [ring of willpower]

   rC:        It protects you from cold.
   +Blink:    It lets you blink.
   Will:      It increases your willpower.
   Stlth:     It makes you more stealthy.
 N - the ring "Etum" {rN+ Will+ Dex+3}
   (You found it on level 3 of the Lair of Beasts)

   [ring of positive energy]

   Dex:       It affects your dexterity (+3).
   rN:        It protects you from negative energy.
   Will:      It increases your willpower.
 O - a +6 ring of intelligence
 X - a ring of resist corrosion
 Y - a ring of flight (left hand)
Wands
 r - a wand of digging (9)
 w - a wand of charming (34)
 y - a wand of light (14)
 M - a wand of iceblast (15)
 U - a wand of polymorph (22)
 Z - a wand of mindburst (10)
Scrolls
 a - 11 scrolls of identify
 e - 4 scrolls of fear
 j - 2 scrolls of silence
 q - 3 scrolls of fog
 u - 9 scrolls of enchant armour
 v - 5 scrolls of teleportation
 z - 2 scrolls of poison
 G - 2 scrolls of enchant weapon
 L - 2 scrolls of magic mapping
 P - 2 scrolls of amnesia
 R - 2 scrolls of brand weapon
 S - 4 scrolls of summoning
Potions
 c - 6 potions of haste
 d - 2 potions of lignification
 f - a potion of magic
 h - 6 potions of flight
 i - 15 potions of curing
 m - 6 potions of resistance
 n - 8 potions of ambrosia
 o - 7 potions of degeneration
 x - 2 potions of invisibility
 B - 2 potions of brilliance
 E - 6 potions of mutation
 H - 2 potions of heal wounds
 I - 4 potions of attraction
 J - 6 potions of might
 K - a potion of berserk rage {unknown}
 W - 4 potions of cancellation


   Skills:
 - Level 10.2 Fighting
 - Level 12.0 Staves
 - Level 10.0 Dodging
 - Level 1.7 Stealth
 - Level 10.0 Spellcasting
 - Level 5.0 Conjurations
 - Level 5.0 Hexes
 - Level 10.0 Summonings
 - Level 12.0 Necromancy
 - Level 7.0 Air Magic
 * Level 13.6 Earth Magic
 - Level 12.0 Evocations


You had 7 spell levels left.
You knew the following spells:

 Your Spells              Type           Power      Damage    Failure   Level
a - Borgnjor's Vile Clut  Necr/Erth      42%        N/A       1%          5
b - Stone Arrow           Conj/Erth      100%       3d13      1%          3
c - Lee's Rapid Deconstr  Erth           43%        3d21*     1%          5
d - Death Channel         Necr           31%        N/A       6%          6
g - Summon Guardian Gole  Hex/Summ       48%        N/A       1%          3
s - Summon Lightning Spi  Summ/Air       68%        N/A       1%          4
w - Call Canine Familiar  Summ           56%        N/A       1%          3

Your spell library contained the following spells:

 Spells                   Type           Power      Damage    Failure   Level
 Shatter                  Erth           43%        3d33*     99%         9
 Ignition                 Fire           9%         3d5       100%        8
 Fire Storm               Conj/Fire      18%        8d5       100%        9
 Sandblast                Erth           100%       2d20      0%          1
 Kiss of Death            Conj/Necr      100%       2d13      1%          1
 Slow                     Hex            100%       N/A       1%          1
 Summon Small Mammal      Summ           100%       N/A       1%          1
 Call Imp                 Summ           56%        N/A       1%          2
 Cigotuvi's Dreadful Rot  Necr/Pois/Air  100%       N/A       1%          2
 Passwall                 Tmut/Erth      50%        N/A       1%          2
 Poisonous Vapours        Pois/Air       86%        N/A       1%          2
 Sublimation of Blood     Necr           62%        N/A       1%          2
 Confusing Touch          Hex            36%        N/A       1%          3
 Inner Flame              Hex/Fire       36%        N/A       1%          3
 Mephitic Cloud           Conj/Pois/Air  46%        N/A       1%          3
 Vampiric Draining        Necr           62%        2d10      1%          3
 Animate Armour           Summ/Erth      100%       N/A       1%          4
 Animate Dead             Necr           62%        N/A       1%          4
 Dispel Undead            Necr           62%        3d22      1%          4
 Leda's Liquefaction      Hex/Erth       35%        N/A       1%          4
 Vhi's Electric Charge    Tloc/Air       86%        N/A       3%          3
 Petrify                  Tmut/Erth      61%        N/A       3%          4
 Arcjolt                  Conj/Air       28%        1d38      3%          5
 Beastly Appendage        Tmut           24%        N/A       5%          1
 Sting                    Tmut/Pois      48%        1d5       5%          1
 Cause Fear               Hex            18%        N/A       7%          4
 Summon Mana Viper        Hex/Summ       48%        N/A       7%          5
 Silence                  Hex/Air        28%        N/A       12%         5
 Olgreb's Toxic Radiance  Pois           12%        N/A       13%         4
 Irradiate                Conj/Tmut      12%        3d15      13%         5
 Spider Form              Tmut/Pois      12%        N/A       16%         3
 Passage of Golubria      Tloc           12%        N/A       45%         4
 Statue Form              Tmut/Erth      40%        N/A       45%         6
 Eringya's Noxious Bog    Tmut/Pois      6%         N/A       86%         6
 Enfeeble                 Hex            18%        N/A       99%         7
 Dragon Form              Tmut           6%         N/A       100%        7
 Lehudib's Crystal Spear  Conj/Erth      35%        10d9      86%         8
 Maxwell's Capacitive Co  Air            31%        ∞         98%         8
 Discord                  Hex            18%        N/A       100%        8
 Dragon's Call            Summ           28%        N/A       100%        9


Dungeon Overview and Level Annotations

Branches:
Dungeon (15/15)            Temple (1/1) D:4            Lair (5/5) D:8
  Swamp (4/4) Lair:2       Spider (4/4) Lair:3        Slime (0/5) Lair:4
    Orc (2/2) D:11            Elf (0/3) Orc:2        Vaults (0/5) D:14
 Depths (0/4) D:15         Bailey (visited)

Altars:
Ashenzari
Cheibriados
Dithmenos
Fedhas
Gozag
Hepliaklqana
Kikubaaqudgha
Makhleb
Nemelex Xobeh
Okawaru
Qazlal
Ru
Sif Muna
Trog
Uskayaw
Vehumet
Wu Jian
Xom
Yredelemnul
Jiyva

Shops:
D:11 *   Orc:2 *[([*

Annotations:
D:10 2 transporters
Lair:2 1 runed translucent door, Rupert
Orc:1 1 runed translucent door, Gogrithru's ghost, journeyman MeRe


Innate Abilities, Weirdness & Mutations

You are mostly covered in slimy green scales. (AC +3)
Your demonic aura often causes spilled blood to erupt in flames.
Spells you cast and wands you use may paralyse nearby enemies.
You have a sharp stinger which inflicts weakening toxins.


Message History

Casting: Call Canine Familiar (safe; 1% risk of failure)
Confirm with . or Enter, or press ? or * to list all spells.
Aiming: Borgnjor's Vile Clutch (mildly dangerous; 1% risk of failure)
Press: ? - help, Shift-Dir - straight line
Aim: Disturbance (grey smoke)
You feel a surge of power!
Nothing appears to happen.
Malevolent energies surge around you.
You hit something. You freeze something! You tail-slap something.
You closely miss something. You hit something but do no damage.
You hit something but do no damage. Something hits you!
Something hits your lightning spire. Something bites you.
Something draws strength from your injuries!
You hit something but do no damage.
You hear some strange, mumbled words.
You hit something but do no damage. You crush something.
Your lightning spire disappears in a puff of smoke!
You miss something. You tail-slap something. Something hits you!
Something barely misses you.
You barely miss something. Something hits you!
Something bites you but does no damage.
You hit something but do no damage. You freeze something. Something hits you!!
Something bites you.
Something draws strength from your injuries!
You closely miss something. Something hits you! Something burns you.
You hear a splashing noise.
You hear some strange, mumbled words.
Something tries to affect you, but you resist.
A silver boomerang appears from out of thin air!
The silver boomerang hits you!!
* * * LOW HITPOINT WARNING * * *
The silver sears you!
* * * LOW HITPOINT WARNING * * *
There is a stone staircase leading up, spattered with blood here.
Blink to where?
Press: ? - help, Dir - move target
As you read the scroll of blinking, it crumbles to dust.
A silver boomerang appears from out of thin air!
The silver boomerang hits you!
You die...

♣~....§~~~~~~~..~~~
♣~~.♣.~~~)§~~.♣♣♣♣~.♣
~~~ ♣.~~[~~~§~♣ ..♣
~. ♣§~~).{~☼♣♣ ♣~~~
....~♣♣~~~~[○♣ ♣.~~.
~~♣♣♣~♣~§~~~♣♣♣..( ~
~ ♣~♣.~÷~.~§.~♣~.♣
♣♣♣~.~~..~...~♣
~~~...♣@.~~..♣
~~§~~§~.~~~§.♣♣
..~~~~~~~~.~~♣
~.♣.~~~...♣♣♣♣
♣♣~.~♣~~♣ ♣♣♣♣~(..
♣~§? ~~~.♣


There were no monsters in sight!

Vanquished Creatures
  A thorn hunter (Swamp:3)
  Roxanne (Spider:1)
  A fenstrider witch (Swamp:3)
  4 ghost moths
  4 emperor scorpions
  An eleionoma (Swamp:4)
  2 bunyips
  A spark wasp (Spider:1)
  5 entropy weavers
  A shambling mangrove (Swamp:3)
  An ice dragon (Spider:2)
  A rakshasa (D:14)
  A death knight (D:8)
  An ogre mage (D:15)
  A catoblepas (Lair:5)
  12 centaur warriors
  2 radroaches
  7 hydras
  11 two-headed ogres
  6 boulder beetles
  3 death yaks (Lair:5)
  5 orc high priests
  2 tengu warriors
  4 alligators
  Sonja (Lair:2)
  2 pharaoh ants
  2 sun moths
  5 goliath frogs
  A deep troll (D:15)
  6 orb spiders
  A swamp dragon (shapeshifter) (D:15)
  A lindwurm (Lair:5)
  2 swamp dragons (Swamp:4)
  A bog body (Swamp:3)
  3 wizards
  2 spectral hydras (Swamp:4)
  A necromancer (D:14)
  3 steelbarb worms
  3 deep elf pyromancers
  A phantasmal warrior (Swamp:4)
  A deep elf zephyrmancer (D:12)
  3 orc sorcerers
  3 cyclopes
  5 oklob plants
  11 wolf spiders
  4 manticores
  16 ugly things
  A will-o-the-wisp (Swamp:2)
  A moth of wrath (shapeshifter) (D:15)
  15 elephants
  2 moths of wrath
  7 black mambas
  7 demonic crawlers
  Maurice (Orc:2)
  3 torpor snails
  9 cane toads
  A gargoyle (D:12)
  2 unseen horrors
  A freezing wraith (Swamp:4)
  3 rime drakes
  A kobold demonologist (D:11)
  5 komodo dragons
  A tengu conjurer (D:13)
  3 polar bears
  3 bloated husks
  2 meliai (Spider:3)
  4 trolls
  2 tyrant leeches
  5 hornets
  20 tarantellas
  21 blink frogs
  6 dream sheep (Lair:5)
  11 jumping spiders
  14 culicivoras
  2 shadows
  5 slime creatures
  5 wraiths
  7 spriggans
  Sigmund (D:2)
  3 wyverns
  2 basilisks
  2 steam dragons
  22 yaks
  24 redbacks
  6 vampire mosquitoes
  2 wargs (Orc:2)
  6 swamp worms
  2 hydra simulacra (Swamp:4)
  4 acid dragons
  16 water moccasins
  2 sky beasts (D:8)
  A swamp drake (Swamp:4)
  A black bear (D:5)
  An ice beast (D:8)
  20 orc warriors
  A swamp dragon zombie (Swamp:4)
  12 ogres
  14 centaurs
  4 wolves
  A phantom (D:6)
  2 kobold brigands (D:8)
  2 necrophages
  9 bullfrogs
  2 gnoll sergeants
  A scorpion (D:4)
  6 wights
  5 killer bees (D:8)
  6 howler monkeys
  A jelly (D:8)
  3 hounds
  20 orc priests
  An iguana (D:7)
  Terence (D:3)
  23 orc wizards
  4 adders
  8 gnolls
  An ufetubus (D:5)
  56 orcs
  A hobgoblin (D:4)
  3 kobolds
  3 quokkas
  2 ball pythons (D:2)
  A bat (D:2)
  A rat (D:3)
  A butterfly (Lair:3)
636 creatures vanquished.

Vanquished Creatures (collateral kills)
  A thorn hunter (Swamp:1)
  Aizul (Spider:2)
  An emperor scorpion (Spider:4)
  A broodmother (Spider:3)
  An eleionoma (Swamp:4)
  A ghost crab (Swamp:1)
  A jorogumo (Spider:3)
  8 hydras
  A radroach (Spider:4)
  A catoblepas (Lair:5)
  4 alligators
  A two-headed ogre (D:13)
  A boulder beetle (D:13)
  3 goliath frogs
  2 pharaoh ants
  A flayed ghost (Swamp:4)
  6 swamp dragons
  A spriggan druid (Swamp:3)
  2 bog bodies (Swamp:1)
  A steelbarb worm (Spider:3)
  An orc knight (Orc:2)
  A wizard (D:14)
  An orc sorcerer (Orc:1)
  9 wolf spiders
  A moth of wrath (Spider:2)
  A manticore (Lair:5)
  Joseph (D:7)
  10 elephants
  A black mamba (Lair:5)
  2 torpor snails (Spider:4)
  3 cane toads
  Maggie (D:6)
  A gargoyle (D:12)
  2 demonic crawlers (Spider:3)
  A rime drake (Lair:5)
  3 komodo dragons
  2 unseen horrors
  A freezing wraith (Swamp:4)
  2 meliai
  3 tyrant leeches
  A death drake zombie (Swamp:4)
  4 hydra zombies (Swamp:4)
  5 bloated husks
  A troll (Orc:2)
  8 tarantellas
  A polar bear (Lair:5)
  12 blink frogs
  2 dream sheep (Lair:5)
  6 jumping spiders
  3 culicivoras
  A wyvern (Lair:5)
  A basilisk (Lair:3)
  8 yaks
  A human (Lair:2)
  3 vampire mosquitoes (Swamp:1)
  27 redbacks
  6 swamp worms
  Edmund (D:6)
  5 water moccasins
  2 hydra simulacra (Swamp:4)
  An ice beast (D:5)
  A sky beast (D:7)
  5 orc warriors
  A swamp dragon zombie (Swamp:4)
  6 wolves
  5 centaurs (D:13)
  A swamp dragon skeleton (Swamp:4)
  A kobold brigand (D:8)
  4 bullfrogs
  3 scorpions
  4 wights (D:7)
  A killer bee (D:8)
  A hound (D:6)
  2 jellies
  10 orc priests
  A gnoll bouda (D:7)
  8 orc wizards
  An iguana (D:5)
  4 gnolls
  7 adders
  2 white imps
  An ufetubus (D:5)
  2 worms (D:2)
  2 dart slugs
  18 orcs
  4 endoplasms
  3 giant cockroaches
  4 goblins
  6 hobgoblins
  4 jackals (D:1)
  3 quokkas
  8 ball pythons
  8 bats
  2 frilled lizards (D:2)
  14 kobolds
  4 rats
  4 butterflies
340 creatures vanquished.

Vanquished Creatures (others)
  An eleionoma (Swamp:3)
  A two-headed ogre (D:8)
  A bloated husk (Swamp:2)
  2 tyrant leeches (Lair:2)
  A blink frog (Lair:3)
  A swamp worm (Lair:2)
  A kobold brigand (D:8)
  A gnoll sergeant (D:6)
  A gnoll bouda (D:8)
  An orc priest (Orc:1)
  An orc wizard (D:8)
  2 gnolls (D:6)
  2 kobolds
  2 bushes (Lair:5)
  4 foxfires (Swamp:2)
  33 fungi
  102 plants
  A withered plant (D:9)
158 creatures vanquished.

Grand Total: 1134 creatures vanquished

Notes
Turn   | Place    | Note
-------+----------+-------------------------------------------
     0 | D:1      | wormed the Demonspawn Summoner began the quest for the Orb.
     0 | D:1      | Reached XP level 1. HP: 13/13 MP: 3/3
   331 | D:1      | Gained mutation: Your demonic aura sometimes causes spilled
                  | blood to erupt in flames. [demonic ancestry]
   331 | D:1      | Reached XP level 2. HP: 19/19 MP: 3/5
  1086 | D:1      | Reached XP level 3. HP: 24/24 MP: 3/6
  1090 | D:1      | Learned a level 3 spell: Call Canine Familiar
  1638 | D:2      | Learned a level 3 spell: Summon Guardian Golem
  1819 | D:2      | Noticed Sigmund
  1948 | D:2      | Found a faded altar of an unknown god.
  2015 | D:2      | Reached skill level 5 in Summonings
  2098 | D:2      | Reached XP level 4. HP: 30/30 MP: 4/8
  2111 | D:2      | Reached skill level 1 in Hexes
  3156 | D:3      | Found a hide-covered altar of Uskayaw.
  3462 | D:2      | Killed Sigmund
  3463 | D:2      | Gained mutation: Spells you cast may paralyse adjacent
                  | enemies. [demonic ancestry]
  3463 | D:2      | Reached XP level 5. HP: 23/35 MP: 0/9
  4109 | D:3      | Noticed Terence
  4124 | D:3      | Killed Terence
  4125 | D:3      | Gained mutation: You have a small tail. [demonic ancestry]
  4125 | D:3      | Reached XP level 6. HP: 41/41 MP: 5/11
  4632 | D:4      | Found a shadowy altar of Dithmenos.
  4772 | D:4      | Got the Enchiridion on Doom
  4774 | D:4      | Found a staircase to the Ecumenical Temple.
  4784 | Temple   | Entered the Ecumenical Temple
  4895 | Temple   | Became a worshipper of Vehumet
  5377 | D:4      | Learned a level 4 spell: Summon Lightning Spire
  5385 | D:5      | Entered Level 5 of the Dungeon
  5432 | D:5      | Reached XP level 7. HP: 36/46 MP: 13/13
  5509 | D:5      | Reached skill level 1 in Air Magic
  5549 | D:5      | Found a snail-covered altar of Cheibriados.
  5561 | D:5      | Identified the +3 ring mail "Ruwebb" {*Slow rF++}
  5907 | D:5      | Reached * piety under Vehumet
  5907 | D:5      | Offered knowledge of Freeze by Vehumet.
  6090 | D:5      | Found a broken altar of Ashenzari.
  6508 | D:6      | Gained mutation: Your demonic aura often causes spilled
                  | blood to erupt in flames. [demonic ancestry]
  6508 | D:6      | Reached XP level 8. HP: 44/52 MP: 14/14
  6720 | D:6      | Noticed Edmund
  6746 | D:6      | Killed Edmund
  6747 | D:6      | Reached skill level 5 in Spellcasting
  6809 | D:6      | Noticed Maggie
  6826 | D:6      | Killed Maggie
  6827 | D:6      | Reached skill level 5 in Hexes
  7526 | D:6      | Found a shimmering blue altar of Sif Muna.
  7535 | D:6      | Found a basalt altar of Yredelemnul.
  7755 | D:7      | Gained mutation: You have a tail ending in a sharp stinger.
                  | [demonic ancestry]
  7755 | D:7      | Reached XP level 9. HP: 25/57 MP: 14/17
  8075 | D:7      | Found an ornate altar of the Wu Jian Council.
  8352 | D:7      | Noticed Joseph
  8364 | D:7      | Killed Joseph
  8673 | D:7      | Reached skill level 5 in Air Magic
  8959 | D:8      | Reached ** piety under Vehumet
  8962 | D:8      | Noticed a two-headed ogre
  8963 | D:8      | Offered knowledge of Static Discharge by Vehumet.
  8971 | D:8      | Killed a two-headed ogre
  8984 | D:8      | Gained mutation: You have a sharp stinger which inflicts
                  | weakening toxins. [demonic ancestry]
  8984 | D:8      | Reached XP level 10. HP: 37/63 MP: 19/21
  9164 | D:8      | Identified the +3 war axe of Termination {spect, Dex+5}
  9269 | D:8      | Identified the ring "Okutorij" {+Blink rC+ Will+ Stlth+}
  9342 | D:8      | Found a bloodstained altar of Trog.
  9352 | D:8      | Found a staircase to the Lair.
  9431 | D:8      | Noticed a deep elf pyromancer
  9608 | D:8      | Noticed a death knight
  9631 | Lair:1   | Entered Level 1 of the Lair of Beasts
  9755 | Lair:1   | Reached skill level 10 in Summonings
  9775 | Lair:1   | Offered knowledge of Stone Arrow by Vehumet.
  9780 | Lair:1   | Learned a level 3 spell: Stone Arrow
  9965 | Lair:1   | Noticed a black mamba
  9974 | Lair:1   | Killed a black mamba
  9975 | Lair:1   | Reached skill level 1 in Conjurations
  9975 | Lair:1   | Reached skill level 1 in Earth Magic
 10228 | Lair:1   | Noticed a cane toad
 10241 | Lair:1   | Killed a cane toad
 10651 | Lair:2   | Reached skill level 2 in Earth Magic
 10722 | Lair:2   | Noticed a cane toad
 10730 | Lair:2   | Killed a cane toad
 10912 | Lair:2   | Noticed Sonja
 10921 | Lair:2   | Killed Sonja
 10922 | Lair:2   | Reached skill level 3 in Earth Magic
 10931 | Lair:2   | Reached *** piety under Vehumet
 11033 | Lair:2   | Found a staircase to the Swamp.
 11083 | Lair:2   | Gained mutation: Spells you cast may paralyse nearby
                  | enemies. [demonic ancestry]
 11083 | Lair:2   | Reached XP level 11. HP: 68/68 MP: 18/23
 11205 | Lair:2   | Noticed a seven-headed hydra
 11381 | Lair:2   | Reached skill level 4 in Earth Magic
 11756 | Lair:2   | Killed a seven-headed hydra
 11757 | Lair:2   | Reached skill level 5 in Conjurations
 11874 | Lair:2   | Found a runed translucent door.
 11876 | Lair:2   | Noticed Rupert
 12063 | Lair:2   | Identified a scroll of acquirement
 12064 | Lair:2   | Acquired the +3 Elemental Staff {rElec rF++ rC++ AC+5}
 12064 | Lair:2   | Found the +3 Elemental Staff {rElec rF++ rC++ AC+5}
 12272 | Lair:3   | Reached skill level 1 in Evocations
 12273 | Lair:3   | Reached skill level 1 in Staves
 12273 | Lair:3   | Reached skill level 5 in Earth Magic
 12360 | Lair:3   | Offered knowledge of Iskenderun's Mystic Blast by Vehumet.
 12367 | Lair:3   | Learned a level 5 spell: Borgnjor's Vile Clutch
 12403 | Lair:3   | Reached skill level 1 in Necromancy
 12429 | Lair:3   | Noticed a five-headed hydra
 12435 | Lair:3   | Killed a five-headed hydra
 12653 | Lair:3   | Reached skill level 10 in Spellcasting
 12889 | Lair:3   | Reached **** piety under Vehumet
 12890 | Lair:3   | Gained mutation: You are partially covered in slimy green
                  | scales. (AC +2) [demonic ancestry]
 12890 | Lair:3   | Reached XP level 12. HP: 74/74 MP: 8/26
 13311 | Lair:3   | Found a hole to the Spider Nest.
 13459 | Lair:3   | Reached skill level 5 in Necromancy
 13459 | Lair:3   | Reached skill level 5 in Evocations
 13858 | Lair:3   | Offered knowledge of Dazzling Flash by Vehumet.
 13971 | Lair:3   | Reached skill level 5 in Staves
 14131 | Lair:3   | Identified the ring "Etum" {rN+ Will+ Dex+3}
 14133 | Lair:3   | Acquired 1183 gold pieces
 14223 | Lair:4   | You fall into a shaft and drop 1 floor!
 14223 | Lair:5   | Entered Level 5 of the Lair of Beasts
 14695 | Lair:5   | Reached skill level 6 in Earth Magic
 15036 | Lair:5   | Reached XP level 13. HP: 79/79 MP: 18/27
 15276 | Lair:5   | Identified the +0 pair of gloves "Lisugyff" {rElec Int-5
                  | Dex+7}
 15531 | Lair:5   | Reached ***** piety under Vehumet
 15624 | Lair:5   | Reached skill level 7 in Earth Magic
 15713 | Lair:5   | Offered knowledge of Freezing Cloud by Vehumet.
 15936 | Lair:5   | Identified the +9 long sword of Patience {flame, Str+8
                  | Dex+2}
 16877 | Lair:5   | Reached skill level 8 in Earth Magic
 17619 | Lair:4   | Gained mutation: Spells you cast and wands you use may
                  | paralyse nearby enemies. [demonic ancestry]
 17619 | Lair:4   | Reached XP level 14. HP: 85/85 MP: 1/28
 17872 | Lair:4   | Found a staircase to the Slime Pits.
 17872 | Lair:4   | Found a viscous altar of Jiyva.
 17880 | Lair:4   | Found a shimmering blue altar of Sif Muna.
 19478 | D:8      | Found a stormy altar of Qazlal.
 19482 | D:8      | Found a hazy altar of Hepliaklqana.
 20015 | D:8      | Reached skill level 10 in Evocations
 20798 | D:9      | Found a faded altar of an unknown god.
 20845 | D:9      | Found a flagged portal.
 20854 | Bailey   | Entered a bailey
 20956 | Bailey   | Identified the +6 hand axe "Jutoco" {flame, rC+ MP+9 Dex-3}
 20994 | Bailey   | Offered knowledge of Conjure Ball Lightning by Vehumet.
 21284 | D:9      | Reached skill level 9 in Earth Magic
 21440 | D:9      | Found an ancient bone altar of Kikubaaqudgha.
 21851 | D:10     | Entered Level 10 of the Dungeon
 21994 | D:10     | Found a transporter.
 21998 | D:10     | Found a transporter.
 22076 | D:10     | Found an opulent altar of Gozag.
 22097 | D:10     | Found a blossoming altar of Fedhas.
 23194 | D:11     | Found a staircase to the Orcish Mines.
 23297 | D:11     | Got the Compendium of the Filthy Gathering
 23521 | D:11     | Found Loivoil's Profane Products.
 24621 | D:12     | Reached skill level 10 in Necromancy
 24783 | D:12     | Reached skill level 10 in Staves
 26297 | D:13     | Found a bloodstained altar of Trog.
 26301 | D:13     | Reached XP level 15. HP: 79/90 MP: 27/29
 26387 | D:13     | Reached skill level 10 in Earth Magic
 26733 | D:13     | Offered knowledge of Lee's Rapid Deconstruction by Vehumet.
 26740 | D:13     | Learned a level 5 spell: Lee's Rapid Deconstruction
 27458 | D:14     | Found a gate to the Vaults.
 27615 | D:14     | Found a shadowy altar of Dithmenos.
 28864 | D:15     | Entered Level 15 of the Dungeon
 29146 | D:15     | Found a shimmering blue altar of Sif Muna.
 29523 | D:15     | Reached skill level 1 in Fighting
 30241 | D:15     | Offered knowledge of Eringya's Noxious Bog by Vehumet.
 30542 | D:15     | Found a staircase to the Depths.
 30609 | D:15     | Found a hazy altar of Hepliaklqana.
 30861 | D:15     | Learned a level 6 spell: Death Channel
 30948 | Orc:1    | Entered Level 1 of the Orcish Mines
 31219 | Orc:2    | Entered Level 2 of the Orcish Mines
 32386 | Orc:2    | Noticed Maurice
 32390 | Orc:2    | Killed Maurice
 32489 | Orc:2    | Found a staircase to the Elven Halls.
 32615 | Orc:2    | Found Ysics's Antique Armour Emporium.
 32615 | Orc:2    | Found Doolo Sow's Weapon Emporium.
 32616 | Orc:2    | Found Paavoz's General Store.
 32620 | Orc:2    | Found Ixtonipt's Antique Armour Shoppe.
 32980 | Orc:2    | Found Zahaiz's Gadget Gallery.
 32988 | Orc:2    | Reached ****** piety under Vehumet
 33380 | Orc:2    | Reached skill level 5 in Dodging
 33486 | Orc:1    | Reached skill level 5 in Fighting
 33645 | Orc:1    | Found a runed translucent door.
 33646 | Orc:1    | Found a shimmering altar of Xom.
 33646 | Orc:1    | Noticed Gogrithru's ghost (journeyman MeRe)
 34072 | Orc:1    | Offered knowledge of Lightning Bolt by Vehumet.
 34605 | Spider:1 | Entered Level 1 of the Spider Nest
 35237 | Spider:1 | Gained mutation: You are mostly covered in slimy green
                  | scales. (AC +3) [demonic ancestry]
 35237 | Spider:1 | Reached XP level 16. HP: 95/109 MP: 15/30
 36563 | Spider:1 | Identified Roxanne's Compilation of Evolution
 36563 | Spider:1 | Noticed Roxanne
 36568 | Spider:1 | Killed Roxanne
 37343 | Spider:2 | Noticed Aizul
 37355 | Spider:2 | Killed Aizul
 39613 | Spider:3 | Offered knowledge of Iskenderun's Battlesphere by Vehumet.
 40939 | Spider:4 | Entered Level 4 of the Spider Nest
 43681 | Spider:4 | Reached XP level 17. HP: 107/125 MP: 6/31
 44145 | Spider:4 | Offered knowledge of Orb of Destruction by Vehumet.
 44445 | Spider:4 | Reached skill level 11 in Earth Magic
 45796 | Spider:4 | Got a gossamer rune of Zot
 46162 | Swamp:1  | Entered Level 1 of the Swamp
 47844 | Swamp:2  | Reached skill level 12 in Earth Magic
 48174 | Swamp:3  | Reached skill level 10 in Fighting
 49350 | Swamp:4  | Entered Level 4 of the Swamp
 50001 | Swamp:4  | Offered knowledge of Fire Storm by Vehumet.
 50001 | Swamp:4  | Offered knowledge of Shatter by Vehumet.
 50001 | Swamp:4  | Offered knowledge of Ignition by Vehumet.
 50164 | Swamp:4  | Reached skill level 10 in Dodging
 50165 | Swamp:4  | Reached skill level 13 in Earth Magic
 51311 | Swamp:4  | Hit by a silver boomerang thrown by something

Illustrated notes

Levels and vault maps discovered:
D:1:      tarquinn_simple_flora_water_c, layout_loops_corners,
          minmay_misc_feat_columns
D:2:      layout_loops_cross, hellmonk_ecumenical_altar_lost_god, uniq_sigmund
D:3:      layout_basic, nicolae_overflow_hidden_temple,
          chequers_serial_rivers_micro_d, uniq_terence
D:4:      layout_rooms, mainiacjoe_overflow_paths,
          lemuel_coloured_pillars_altar, minmay_temple_entry_tees
D:5:      layout_cave_pools, kennysheep_mini, nicolae_ashenzari_panopticon
D:6:      layout_gridville, mainiacjoe_overflow_swirl,
          hangedman_abyss_or_decor_lesser_grid, kennysheep_windowed_goal,
          uniq_maggie, uniq_edmund
D:7:      layout_loops_cross, chequers_temple_overflow_statue_of_worship,
          minmay_puff, uniq_joseph
D:8:      minmay_the_grid_octo_tiled_squarecenter
          [minmay_the_grid_octo_vomiting_pacman, minmay_the_grid_octo_chip,
          minmay_the_grid_octo_fan_narrow, minmay_the_grid_octo_clover_2,
          minmay_the_grid_square_5x5_megaprize_crossed,
          minmay_the_grid_square_5x5_tie, minmay_the_grid_square_5x5_two,
          minmay_the_grid_square_5x5_lines,
          minmay_the_grid_square_5x5_misaligned], layout_basic,
          lemuel_round_altar, lair_entry_dummy,
          minmay_fractal_squares_diagonal_5
D:9:      layout_stronghold, kiku_gazebo_garden_becter, serial_column_ruins,
          column_ruins_temple_circle, column_ruins_open_small,
          column_ruins_open_tiny, column_ruins_open_small, column_ruins_grid_1,
          enter_bailey_2
D:10:     layout_rooms, gammafunk_temple_overflow_arena, fedhas_altar_3
D:11:     layout_basic, david_orc_3, nicolae_evil_shop
D:12:     cheibrodos_barr_body, layout_basic
D:13:     layout_stronghold, gauntlet_entry_generic,
          chequers_serial_rivers_micro_d, trog_three_pillars_becter
D:14:     layout_loops_ring, david_vaults_1, grunt_dithmenos_smoke
D:15:     hangedman_depths_entry_civil_slaughter, layout_loops_ring,
          nicolae_hepliaklqana_hazy_memory, minmay_crystal_water,
          lemuel_blue_sif_altar
Temple:   hellmonk_temple_beads
Lair:1:   layout_cave_pods
Lair:2:   layout_long_grid, minmay_swamp_entry_worms,
          pdpol_lair_cabin_in_the_woods, lemuel_fruit_fields,
          grunt_megastairs_1, lemuel_fruit_fields, uniq_sonja
Lair:3:   minmay_lair_oklob_tunnel, layout_regular_city,
          spider_nest_entry_rubble, lemuel_fruit_fields, grunt_megastairs_3
Lair:4:   layout_hall_layers, slime_entry_1, minivault_24,
          eino_small_chamber_without_monster, lemuel_oklob_altar,
          infiniplex_staircase_pool_2, grunt_megastairs_2
Lair:5:   hangedman_lair_in_review, layout_layer_cave, grunt_megastairs_5
Swamp:1:  layout_basic_swamp, evilmike_swamp_ruin_wall
Swamp:2:  layout_basic_swamp, evilmike_swamp_ruin_house_2,
          nicolae_swamp_super_fun_site
Swamp:3:  layout_basic_swamp, nicolae_swamp_small_spring,
          infiniplex_staircase_pool
Swamp:4:  byrel_swamp_growth_death_and_undeath, layout_basic_swamp
Spider:1: layout_chambers, uniq_roxanne
Spider:2: layout_chambers, portal_ice_cave_entry_dragon,
          nicolae_spider_twisty_arc_passages, uniq_aizul
Spider:3: layout_spider_delve, nicolae_spider_jagged_tunnels
Spider:4: grunt_spider_rune_parallel
Orc:1:    layout_caves, ebering_ghost_xom
Orc:2:    st_orc_mages, layout_caves, nicolae_shop_gadgets, uniq_maurice

Skill      XL: |  1  2  3  4  5  6  7  8  9 10 11 12 13 14 15 16 17 |
---------------+----------------------------------------------------+-----
Summonings     | 5 6 7 8 9 10 | 10.0
Hexes          | 2 3 4 5 |  5.0
Spellcasting   | 3 4 5 7 8 10 | 10.0
Air Magic      | 2 4 6 7 |  7.0
Conjurations   | 4 5 |  5.0
Earth Magic    | 3 5 6 8 9 10 13 | 13.6
Evocations     | 4 7 9 11 12 | 12.0
Staves         | 3 6 8 10 12 | 12.0
Necromancy     | 4 6 8 10 12 | 12.0
Dodging        | 5 8 10 | 10.0
Fighting       | 5 9 10 | 10.2
Stealth        | |  1.7

Action                   |  1- 3 |  4- 6 |  7- 9 | 10-12 | 13-15 | 16-18 || total
-------------------------+-------+-------+-------+-------+-------+-------++-------
Melee: Unarmed           |     9 |       |       |       |       |       ||     9
       Dagger            |    12 |    40 |    43 |    17 |       |       ||   112
       Tailslap          |       |     2 |     8 |    10 |     8 |    32 ||    60
       Punch             |       |       |     1 |     2 |     1 |     4 ||     8
       Staff             |       |       |       |    36 |    76 |   211 ||   323
Throw: Throwing net      |       |       |       |       |       |     1 ||     1
 Cast: Summon Small Mamm |    50 |    16 |    20 |     4 |       |       ||    90
       Call Canine Famil |    10 |    19 |    25 |    41 |    14 |     7 ||   116
       Summon Guardian G |       |     7 |    17 |    18 |       |       ||    42
       Summon Lightning  |       |       |    15 |    40 |    61 |    88 ||   204
       Stone Arrow       |       |       |       |    99 |   511 |   120 ||   730
       Borgnjor's Vile C |       |       |       |     6 |   101 |   166 ||   273
       Lee's Rapid Decon |       |       |       |       |    26 |    18 ||    44
       Death Channel     |       |       |       |       |    14 |    35 ||    49
 Abil: Evoke Blink       |       |       |       |       |       |     2 ||     2
  Use: Scroll            |       |    11 |     8 |    11 |     4 |    10 ||    44
       Potion            |       |       |     1 |     1 |     2 |     6 ||    10
 Stab: Paralysed         |       |    20 |    16 |     6 |     7 |    18 ||    67
       Sleeping          |       |       |     2 |     2 |       |       ||     4
       Distracted        |       |       |       |     2 |     1 |     1 ||     4
Armor: Robe              |    16 |     9 |    16 |    36 |   100 |   109 ||   286
Dodge: Dodged            |    52 |    19 |    31 |    51 |    92 |   114 ||   359

Table legend: (Time is in decaauts)
 A = Elapsed time spent in this place.
 B = Non-inter-level travel time spent in this place.
 C = Inter-level travel time spent in this place.
 D = Time resting spent in this place.
 E = Time spent auto-exploring this place.
 F = Levels seen in this place.
 G = Mean time per level.
                   A        B        C        D        E       F      G
               +--------+--------+--------+--------+--------+-----+--------+
         Total |  51219 |  48472 |   2747 |   9231 |  31552 |  32 | 1600.6 |
       Dungeon |  21373 |  19889 |   1484 |   1617 |  14906 |  15 | 1424.9 |
        Temple |    130 |    112 |     18 |      0 |     92 |   1 |  130.0 |
          Lair |   9305 |   8829 |    476 |      0 |   7477 |   5 | 1861.0 |
         Swamp |   5144 |   4888 |    256 |   2248 |   1904 |   4 | 1286.0 |
   Spider Nest |  11461 |  11118 |    343 |   4351 |   5118 |   4 | 2865.2 |
  Orcish Mines |   3485 |   3316 |    169 |   1014 |   1791 |   2 | 1742.5 |
        Bailey |    318 |    318 |      0 |      0 |    264 |   1 |  318.0 |
               +--------+--------+--------+--------+--------+-----+--------+

Top non-repeatable levels by time:
Spider:4: 3587 daAuts
  Lair:5: 2953 daAuts
Spider:2: 2812 daAuts
Spider:3: 2628 daAuts
 Swamp:3: 2435 daAuts
Spider:1: 2432 daAuts
     D:8: 2255 daAuts
     D:2: 2124 daAuts
    D:14: 2106 daAuts
   Orc:2: 2058 daAuts
  Lair:3: 1907 daAuts
    D:15: 1877 daAuts
  Lair:2: 1778 daAuts
    D:13: 1678 daAuts
     D:1: 1630 daAuts
